 Dungeon Crawl Stone Soup version 0.29.1-12-g30fa7ad0bf (webtiles) character file.

Game seed: 10691768490754732178

2929 soggyman666 the Cleaver (level 9, -3/79 HPs)
             Began as a Minotaur Fighter on Dec 29, 2022.
             Was an Initiate of Trog.
             Slain by an eight-headed hydra (8 damage)
             ... on level 7 of the Dungeon.
             The game lasted 00:14:07 (6347 turns).

soggyman666 the Cleaver (Minotaur Fighter)          Turns: 6347, Time: 00:14:08

Health: -3/79      AC: 14    Str: 24    XL:     9   Next: 50%
Magic:  8/8        EV:  9    Int:  5    God:    Trog [......]
Gold:   360        SH:  5    Dex: 11    Spells: 8/8 levels left

rFire   . . .      SeeInvis .   (no weapon)
rCold   . . .      Faith    .   c - +0 buckler
rNeg    + . .      Spirit   .   x - +0 chain mail
rPois   .          Reflect  .   (helmet restricted)
rElec   .          Harm     .   v - +0 cloak
rCorr   .          Rampage  .   i - +0 pair of gloves
Will    .....                   u - +0 pair of boots
Stlth   ..........              B - amulet of the acrobat
HPRegen 0.23/turn               j - ring of positive energy
MPRegen 0.11/turn               (no ring)

@: about to teleport
A: horns 2, retaliatory headbutt
a: Renounce Religion


You were on level 7 of the Dungeon.
You worshipped Trog.
Trog was noncommittal.
You visited 2 branches of the dungeon, and saw 8 of its levels.

You collected 360 gold pieces.

Inventory:

Hand Weapons
 b - a +3 vampiric war axe
Missiles
 s - 8 atropa-tipped darts (quivered)
Armour
 c - a +0 buckler (worn)
 i - a +0 pair of gloves (worn)
 u - a +0 pair of boots (worn)
 v - a +0 cloak (worn)
 x - a +0 chain mail (worn)
Jewellery
 f - an amulet of guardian spirit
 j - a ring of positive energy (left hand)
 B - an amulet of the acrobat (around neck)
Wands
 e - a wand of roots (12)
 w - a wand of paralysis (8)
 C - a wand of flame (19)
Scrolls
 a - a scroll of immolation {unknown}
 g - 2 scrolls of poison
 k - a scroll of torment
 l - a scroll of blinking {unknown}
 m - 2 scrolls of teleportation
 y - a scroll of brand weapon {unknown}
 A - a scroll of enchant armour {unknown}
Potions
 d - a potion of might
 h - 2 potions of degeneration {unknown}
 n - 5 potions of curing
 o - a potion of mutation {unknown}
 p - 2 potions of brilliance {unknown}
 q - a potion of lignification {unknown}
 r - 3 potions of cancellation {unknown}
 t - a potion of attraction {unknown}
 z - 2 potions of heal wounds {unknown}


   Skills:
 + Level 7.2 Fighting
 + Level 10.0 Axes
 + Level 7.2 Armour
 + Level 5.6 Dodging
 + Level 7.2 Shields


You had 8 spell levels left.
You didn't know any spells.
Your spell library contained the following spells:

 Spells                   Type           Power      Damage    Failure   Level
 Ensorcelled Hibernation  Hex/Ice        0%         N/A       99%         2
 Passwall                 Tmut/Erth      0%         N/A       99%         2
 Sublimation of Blood     Necr           0%         N/A       99%         2
 Wereblood                Tmut           0%         N/A       99%         2
 Swiftness                Air            0%         N/A       100%        3
 Summon Hydra             Summ           0%         N/A       100%        7


Dungeon Overview and Level Annotations

Branches:
Dungeon (7/15)             Temple (1/1) D:7

Altars:
Ashenzari
Cheibriados
Dithmenos
Fedhas
Gozag
Hepliaklqana
Kikubaaqudgha
Makhleb
Nemelex Xobeh
Okawaru
Qazlal
Ru
Trog
Uskayaw
Vehumet
Xom
Yredelemnul
Zin
The Shining One


Innate Abilities, Weirdness & Mutations

You have a pair of horns on your head.
You reflexively headbutt those who attack you in melee.


Message History

You block the eight-headed hydra's attack.
The eight-headed hydra misses you.
The eight-headed hydra bites you but does no damage.
The eight-headed hydra barely misses you.
The eight-headed hydra attacks as you move away!
The eight-headed hydra misses you. You furiously retaliate!
You headbutt the eight-headed hydra. The eight-headed hydra misses you.
You block the eight-headed hydra's attack.
The eight-headed hydra barely misses you.
You block the eight-headed hydra's attack.
The eight-headed hydra bites you but does no damage.
The eight-headed hydra misses you.
The eight-headed hydra bites you but does no damage.
The eight-headed hydra attacks as you move away!
The eight-headed hydra closely misses you.
You furiously retaliate!
You headbutt the eight-headed hydra.
The eight-headed hydra bites you but does no damage.
The eight-headed hydra bites you.
You block the eight-headed hydra's attack.
The eight-headed hydra bites you!
The eight-headed hydra bites you but does no damage.
You block the eight-headed hydra's attack.
The eight-headed hydra bites you.
As you read the scroll of teleportation, it crumbles to dust.
You feel strangely unstable. The eight-headed hydra bites you. x2
You block the eight-headed hydra's attack.
The eight-headed hydra barely misses you.
The eight-headed hydra closely misses you.
The eight-headed hydra bites you!
* * * LOW HITPOINT WARNING * * *
The eight-headed hydra barely misses you. x2
The eight-headed hydra attacks as you move away!
The eight-headed hydra bites you.
* * * LOW HITPOINT WARNING * * *
The eight-headed hydra bites you!
* * * LOW HITPOINT WARNING * * *
The eight-headed hydra bites you.
* * * LOW HITPOINT WARNING * * *
The eight-headed hydra bites you!
You die...

.........####.............
..#.......##........###...
.##...>....#.........#. ..
..#..................... .
........###.........##..
......### ##.......##...
......###.#..............
#......#........D.).#.
.......)..#.....@.#.# .
..........##......#.# ..
..........##........# ..#
..................### ...#
.......##.##.......###.....
......#####.......<[.......
#.....# ###.....[[...#..
#.....รท###.## ......#.# #


You could see an eight-headed hydra.

Vanquished Creatures
  Pikel (D:4)
  Sigmund (D:3)
  2 water moccasins
  A sky beast (D:6)
  A black bear (D:6)
  4 ice beasts (D:7)
  3 ogres
  A centaur (D:5)
  4 lemures (D:4)
  2 phantoms
  2 scorpions
  4 necrophages
  3 wights (D:7)
  A howler monkey (D:7)
  2 hounds
  8 iguanas
  Terence (D:3)
  Ijyb (D:3)
  2 orc wizards (D:6)
  6 adders
  3 shadow imps
  A white imp (D:7)
  3 worms (D:2)
  3 dart slugs
  10 orcs
  3 ball pythons (D:2)
  4 endoplasms (D:2)
  6 giant cockroaches
  4 goblins
  6 hobgoblins
  4 jackals (D:2)
  3 quokkas
  3 bats
  3 frilled lizards
  3 kobolds
  2 rats (D:2)
111 creatures vanquished.

Notes
Turn   | Place    | Note
-------+----------+-------------------------------------------
     0 | D:1      | soggyman666 the Minotaur Fighter began the quest for the
                  | Orb.
     0 | D:1      | Reached XP level 1. HP: 19/19 MP: 0/0
   205 | D:1      | Found a faded altar of an unknown god.
   768 | D:2      | Reached XP level 2. HP: 27/27 MP: 1/1
   823 | D:2      | Reached skill level 1 in Dodging
   836 | D:2      | Reached XP level 3. HP: 26/33 MP: 2/2
   919 | D:2      | Reached skill level 3 in Axes
  1532 | D:3      | Reached XP level 4. HP: 40/40 MP: 3/3
  1559 | D:3      | Found a basalt altar of Yredelemnul.
  1659 | D:3      | Noticed Sigmund
  1664 | D:3      | Killed Sigmund
  1665 | D:3      | Reached skill level 6 in Axes
  1665 | D:3      | Reached XP level 5. HP: 40/46 MP: 4/4
  1802 | D:3      | Noticed Ijyb
  1806 | D:3      | Killed Ijyb
  1816 | D:3      | Reached XP level 6. HP: 47/52 MP: 3/5
  1942 | D:3      | Noticed Terence
  1950 | D:3      | Killed Terence
  2081 | D:3      | Reached skill level 7 in Axes
  2174 | D:3      | Found a sacrificial altar of Ru.
  2288 | D:3      | Identified a scroll of acquirement
  2294 | D:3      | Acquired a +3 vampiric war axe
  2327 | D:4      | Noticed Pikel
  2346 | D:4      | Killed Pikel
  2347 | D:4      | Reached skill level 10 in Axes
  2347 | D:4      | Reached XP level 7. HP: 5/59 MP: 0/6
  3513 | D:4      | Reached XP level 8. HP: 27/67 MP: 4/7
  3959 | D:5      | Entered Level 5 of the Dungeon
  4270 | D:5      | Reached skill level 5 in Fighting
  4270 | D:5      | Reached skill level 5 in Armour
  4285 | D:5      | Found a blossoming altar of Fedhas.
  4294 | D:5      | Reached skill level 5 in Shields
  5131 | D:6      | Reached XP level 9. HP: 72/75 MP: 8/8
  5483 | D:6      | Found a bloodstained altar of Trog.
  5589 | D:7      | Reached skill level 5 in Dodging
  5652 | D:7      | Found a staircase to the Ecumenical Temple.
  5661 | Temple   | Entered the Ecumenical Temple
  5712 | D:6      | Became a worshipper of Trog the Wrathful
  5758 | D:7      | Noticed an eight-headed hydra
  6224 | D:7      | Found a stormy altar of Qazlal.
  6291 | D:7      | Found a glowing silver altar of Zin.
  6291 | D:7      | Found an opulent altar of Gozag.
  6347 | D:7      | Slain by an eight-headed hydra

Illustrated notes

Levels and vault maps discovered:
D:1:      kennysheep_arrival_forest, layout_basic, shapermc_ecumenical_altar_gd,
          minmay_misc_feat_pillars
D:2:      layout_rooms, chequers_serial_rivers_room_b, dk_noncrumbling_3,
          minmay_increasing_density
D:3:      layout_rooms, overflow_temple_1_default, mainiacjoe_overflow_chevrons,
          uniq_sigmund, uniq_terence, uniq_ijyb
D:4:      layout_layer_cave, uniq_pikel
D:5:      layout_cave_pools, fedhas_altar_fruit_tree
D:6:      layout_basic, kennysheep_mini_moat
D:7:      layout_cave_pools, grunt_temple_overflow_gold_and_silver,
          mainiacjoe_overflow_six_doors_small, tgw_sif,
          minmay_temple_entry_grid, hellmonk_ghost_happy_afterlife
Temple:   nicolae_temple_no_exploring_needed

Skill      XL: |  1  2  3  4  5  6  7  8  9 |
---------------+----------------------------+-----
Dodging        | 1 2 4 5 |  5.6
Axes           | 3 6 10 | 10.0
Fighting       | 4 6 7 |  7.2
Armour         | 4 6 7 |  7.2
Shields        | 4 6 7 |  7.2

Action                   |  1- 3 |  4- 6 |  7- 9 || total
-------------------------+-------+-------+-------++-------
Melee: War axe           |    74 |    80 |   180 ||   334
       Headbutt          |     7 |     9 |    32 ||    48
  Use: Scroll            |       |     4 |     3 ||     7
       Potion            |       |       |     2 ||     2
Armor: Scale mail        |    39 |    12 |       ||    51
       Chain mail        |       |    21 |    86 ||   107
Dodge: Dodged            |    36 |    38 |    81 ||   155
Block: Buckler           |    15 |    19 |    47 ||    81
